 Dungeon Crawl Stone Soup version 0.29.1-12-g30fa7ad0bf (webtiles) character file.

Game seed: 2753886627800600057

93 Sanktem7 the Trooper (level 4, -4/41 HPs)
             Began as a Minotaur Fighter on Dec 16, 2022.
             Slain by a gnoll
             ... wielding a +0 flail
              (6 damage)
             ... on level 3 of the Dungeon.
             The game lasted 00:03:18 (2183 turns).

Sanktem7 the Trooper (Minotaur Fighter)             Turns: 2183, Time: 00:03:19

Health: -4/41      AC:  7    Str: 23    XL:     4   Next: 36%
Magic:  3/3        EV:  9    Int:  5    God:
Gold:   138        SH:  4    Dex:  9    Spells: 3/3 levels left

rFire   . . .      SeeInvis .   a - +0 war axe {axe}
rCold   . . .      Faith    .   c - +0 buckler
rNeg    . . .      Spirit   .   b - +0 scale mail
rPois   .          Reflect  .   (helmet restricted)
rElec   .          Harm     .   (no cloak)
rCorr   .          Rampage  .   (no gloves)
Will    .....                   (no boots)
Stlth   ..........              (no amulet)
HPRegen 0.13/turn               (no ring)
MPRegen 0.08/turn               (no ring)

@: no status effects
A: horns 2, retaliatory headbutt
a: no special abilities


You were on level 3 of the Dungeon.
You visited 1 branch of the dungeon, and saw 3 of its levels.

You collected 138 gold pieces.


Innate Abilities, Weirdness & Mutations

You have a pair of horns on your head.
You reflexively headbutt those who attack you in melee.


   Skills:
 * Level 4.8 Fighting
 * Level 4.0 Axes
 + Level 4.3 Armour
 - Level 3.6 Shields


You had 3 spell levels left.
You didn't know any spells.
Your spell library contained the following spells:

 Spells                   Type           Power      Damage    Failure   Level
 Slow                     Hex            0%         N/A       86%         1
 Sublimation of Blood     Necr           0%         N/A       95%         2
 Confusing Touch          Hex            0%         N/A       99%         3
 Vampiric Draining        Necr           0%         2d6       99%         3
 Petrify                  Tmut/Erth      0%         N/A       100%        4
 Irradiate                Conj/Tmut      0%         3d11      100%        5

Inventory:

Hand Weapons
 a - a +0 war axe (weapon) {axe}
 n - a +1 hand axe of freezing {axe}
   (You took it off Terence on level 2 of the Dungeon)
 o - a +0 vampiric hand axe {axe}
   (You found it on level 2 of the Dungeon)
Missiles
 f - 35 stones (quivered) {throwing}
 j - 6 poisoned darts {throwing}
Armour
 b - a +0 scale mail (worn)
 c - a +0 buckler (worn)
Potions
 d - a potion of might
 g - a potion of lignification {!q}

Dungeon Overview and Level Annotations

Branches:
Dungeon (3/15) Zot: 15801

Altars:

########## #.)......#
.##.###g.......#
.....g.@.......#####
......†g####.#.....###
#.....g.# #..........
#.......# ###.....###
#.......# #.....#
#.......# #.....#
#.......# #.....#
#.......# #<....#
##....#


You could see 4 gnolls.


Message History

No target in view!
No target in view!
No target in view!
Things that are here:
a +0 club {mace}; a +0 sling You open the door.
There is an open door here.
You open the door.
There is an open door here.
There is a stone staircase leading down here.
There is a stone staircase leading up here.
You see here a +0 robe.
You open the door.
There is an open door here.
Done exploring. 😎 HP[+4]
Your hp is fully restored (41).
Blink to where?
Press: ? - help, Dir - move target
As you read the scroll labelled LOMUIL URUMUJOTO, it crumbles to dust.
It was a scroll of blinking.
Unknown command.
The air fills with toxic fumes!
As you read the scroll labelled ZEUFOMOL FENEI, it crumbles to dust.
It was a scroll of poison.
As you read the scroll labelled QINNEF BEMOFYEWEA, it crumbles to dust.
The scroll dissolves into smoke.
It was a scroll of fog.
As you read the scroll labelled WOEPLI VINOIMA, it crumbles to dust.
You hear a loud clanging noise!
It was a scroll of noise.
You aren't carrying any scrolls.
It was a potion of haste.
You feel yourself speed up.
It was a potion of flight.
You feel very buoyant.
You fly up into the air.
It was a potion of heal wounds.
You feel much better.
It was a potion of lignification.
You turn into a tree.
Your +0 scale mail melds into your body.
Your roots penetrate the ground. 😎 HP[+20]
You now have 61 max hp (+20).
Your hp is fully restored (61).
Your transformation is almost over.
Your extra speed is starting to run out.
You feel less wooden.
Your +0 scale mail unmelds from your body. 😎 HP[-20]
You now have 41 max hp (-20).
You feel yourself slow down.
There is an open door here.
There is a stone staircase leading down here.
You climb downwards.
There is a stone staircase leading up here.
A gnoll comes into view. It is wielding a +0 whip.
The gnoll shouts!
A ball python comes into view.
A gnoll comes into view. It is wielding a +0 flail.
A gnoll comes into view. It is wielding a +0 halberd.
A gnoll comes into view. It is wielding a +0 halberd.
The ball python hisses angrily.
The gnoll shouts!
The gnoll closely misses you. The gnoll closely misses you.
You block the gnoll's attack.
You barely miss the gnoll. You closely miss the ball python.
The ball python bites you but does no damage.
The ball python barely misses you.
The gnoll hits you from afar with a +0 halberd!
You block the gnoll's attack. The ball python bites you.
The ball python grabs you.
The ball python constricts you. 😮 HP[-13]
You take 13 damage, and now have 28/41 hp.
MASSIVE DAMAGE!! (PAUSE)
You closely miss the ball python. You slash the gnoll!
The gnoll hits you from afar with a +0 halberd.
The gnoll barely misses you. You furiously retaliate!
You headbutt the gnoll. The gnoll barely misses you.
The ball python bites you but does no damage.
The ball python constricts you. 😮 HP[-3]
You take 3 damage, and now have 25/41 hp.
You closely miss the ball python. You hit the gnoll.
You closely miss the gnoll.
The ball python bites you but does no damage.
The ball python constricts you. You block the gnoll's attack.
The gnoll hits you with a +0 whip. You block the gnoll's attack.
The ball python bites you but does no damage.
The ball python constricts you. 😮 HP[-4]
You take 4 damage, and now have 21/41 hp.
You hit the ball python.
You kill the ball python!
You barely miss the gnoll. You hit the gnoll.
The gnoll hits you from afar with a +0 halberd.
* * * LOW HITPOINT WARNING * * *
The gnoll hits you with a +0 flail!
* * * LOW HITPOINT WARNING * * *
You block the gnoll's attack. The gnoll hits you with a +0 whip.
* * * LOW HITPOINT WARNING * * *
You block the gnoll's attack. The gnoll barely misses you.
The gnoll closely misses you. The gnoll hits you with a +0 flail.
You die...

Skill      XL: |  1  2  3  4 |
---------------+-------------+-----
Fighting       | 4 |  4.8
Axes           | 3 4 |  4.0
Armour         | 4 |  4.3
Shields        | |  3.6

Action                   |  1- 3 |  4- 6 || total
-------------------------+-------+-------++-------
Melee: War axe           |    65 |    23 ||    88
       Headbutt          |     5 |     1 ||     6
  Use: Scroll            |       |     4 ||     4
       Potion            |       |     4 ||     4
Armor: Scale mail        |    47 |    13 ||    60
Dodge: Dodged            |    41 |    17 ||    58
Block: Buckler           |    14 |    11 ||    25

Levels and vault maps discovered:
D:1:      minmay_arrival_five_plusses, layout_loops_ring,
          shapermc_ecumenical_altar_mp_highgroup
D:2:      layout_loops_corners, uniq_terence
D:3:      kennysheep_goblin_castle, layout_basic,
          nicolae_dithmenos_through_a_glass_darkly, tgw_fedhas, uniq_ijyb

Notes
Turn   | Place    | Note
-------+----------+-------------------------------------------
     0 | D:1      | Sanktem7 the Minotaur Fighter began the quest for the Orb.
     0 | D:1      | Reached XP level 1. HP: 19/19 MP: 0/0
     0 | D:1      | magus.rc [v1.9.6]
   228 | D:1      | Found a faded altar of an unknown god.
   234 | D:1      | Reached XP level 2. HP: 15/27 MP: 1/1
   235 | D:1      | Reached skill level 4 in Fighting
   237 | D:1      | Reached skill level 3 in Axes
  1081 | D:1      | Reached XP level 3. HP: 33/33 MP: 2/2
  1136 | D:2      | You pick up a book of Alchemy and begin reading...
  1136 | D:2      | You add the spells Sublimation of Blood, Petrify and
                  | Irradiate to your library.
  1188 | D:2      | Reached skill level 4 in Armour
  1564 | D:2      | Noticed Terence
  1572 | D:2      | Killed Terence
  1573 | D:2      | Reached XP level 4. HP: 39/41 MP: 3/3
  1775 | D:2      | You pick up a book of Debilitation and begin reading...
  1775 | D:2      | You add the spells Slow, Vampiric Draining and Confusing
                  | Touch to your library.
  1793 | D:2      | Reached skill level 4 in Axes
  2183 | D:3      | HP: 8/41 [gnoll/+0 flail (7)]
  2183 | D:3      | HP: 2/41 [gnoll/+0 whip (6)]
  2183 | D:3      | Slain by a gnoll

Vanquished Creatures
  Terence (D:2)
  2 adders (D:2)
  A dart slug (D:1)
  4 bats
  4 endoplasms (D:1)
  A giant cockroach (D:1)
  6 goblins
  5 hobgoblins
  6 jackals (D:2)
  A quokka (D:1)
  4 ball pythons
  A frilled lizard (D:1)
  3 kobolds
  3 rats (D:1)
42 creatures vanquished.

Table legend:
 A = Non-vault XP
 B = Vault XP
 C = Vault XP percentage of total XP
 D = Non-vault monster count
 E = Vault monster count
 F = Vault count percentage of total count
                 A         B        C        D         E       F
            +---------+---------+-------+---------+---------+-------
      Total |      96 |      38 |  28.4 |      41 |       1 |   2.4
            +---------+---------+-------+---------+---------+-------
        D:1 |      41 |       0 |   0.0 |      23 |       0 |   0.0
        D:2 |      54 |      38 |  41.3 |      17 |       1 |   5.6
        D:3 |       1 |       0 |   0.0 |       1 |       0 |   0.0
            +---------+---------+-------+---------+---------+-------

Illustrated notes

Table legend:
 A = Kills in this place as a percentage of kills in entire the game.
 B = Kills by you in this place as a percentage of kills by you in the entire game.
 C = Kills by friends in this place as a percentage of kills by friends in the entire game.
 D = Other kills in this place as a percentage of other kills in the entire game.
 E = Experience gained in this place as a percentage of experience gained in the entire game.
 F = Experience gained in this place divided by the number of levels of this place that you have seen.
                   A       B       C       D       E      F
               +-------+-------+-------+-------+-------+----------------------
         Total | 100.0 | 100.0 |   N/A |   N/A | 100.0 |  44.7
       Dungeon | 100.0 | 100.0 |   N/A |   N/A | 100.0 |  44.7
               +-------+-------+-------+-------+-------+----------------------

Table legend: (Time is in decaauts)
 A = Elapsed time spent in this place.
 B = Non-inter-level travel time spent in this place.
 C = Inter-level travel time spent in this place.
 D = Time resting spent in this place.
 E = Time spent auto-exploring this place.
 F = Levels seen in this place.
 G = Mean time per level.
                   A        B        C        D        E       F      G
               +--------+--------+--------+--------+--------+-----+--------+
         Total |   2197 |   2156 |     41 |      0 |   1868 |   3 |  732.3 |
       Dungeon |   2197 |   2156 |     41 |      0 |   1868 |   3 |  732.3 |
               +--------+--------+--------+--------+--------+-----+--------+

Top non-repeatable levels by time:
     D:1: 1133 daAuts
     D:2: 1044 daAuts
     D:3: 18 daAuts
